 Dungeon Crawl Stone Soup version 0.30-a0-1160-g6e42c06551 (webtiles) character file.

Game seed: 12793891610280255226

20412 LustLizard the Zephyrmancer (level 12, -2/62 HPs)
             Began as a Deep Elf Air Elementalist on Apr 25, 2023.
             Was a Priest of Hepliaklqana.
             Shot with an arrow by a centaur warrior (28 damage)
             ... on level 12 of the Dungeon.
             The game lasted 00:36:42 (17856 turns).

LustLizard the Zephyrmancer (DEAE)                 Turns: 17856, Time: 00:36:43

Health: -2/62      AC:  5    Str:  9    XL:     12   Next: 45%
Magic:  8/27       EV: 15    Int: 22    God:    Hepliaklqana [***...]
Gold:   689        SH:  0    Dex: 15    Spells: 5/30 levels left

rFire   . . .        d - +0 short sword
rCold   + + .        (no shield)
rNeg    + . .        j - +2 robe {rN+}
rPois   .            (no helmet)
rElec   .            (no cloak)
rCorr   .            (no gloves)
SInv    .            G - +0 pair of boots
Will    +....        (no amulet)
Stlth   +++          w - ring of protection from cold
HPRegen 0.30/turn    l - ring of protection from cold
MPRegen 0.20/turn

%: no passive effects
@: spiked
A: reduced essence
a: Renounce Religion, Recall Ancestor, Ancestor Identity, Transference


You were on level 12 of the Dungeon.
You worshipped Hepliaklqana.
Hepliaklqana was most pleased with you.
You visited 2 branches of the dungeon, and saw 13 of its levels.
You also visited: Ice Cave.

You collected 884 gold pieces.
You spent 195 gold pieces at shops.

Inventory:

Hand Weapons
 d - a +0 short sword (weapon)
Missiles
 u - a throwing net
Armour
 j - a +2 robe of positive energy (worn)
 E - a +2 buckler
 G - a +0 pair of boots (worn)
Magical Staves
 C - a staff of earth
Jewellery
 a - a +5 ring of evasion
 e - a ring of willpower
 k - a ring of positive energy
 l - a ring of protection from cold (right hand)
 n - an amulet of faith
 w - a ring of protection from cold (left hand)
 x - a +6 ring of strength
 B - a +6 ring of strength
 L - a ring of see invisible
Wands
 s - a wand of mindburst (3) (quivered)
 z - a wand of quicksilver (7)
Scrolls
 g - a scroll of blinking
 m - 2 scrolls of immolation {unknown}
 q - a scroll of fog {unknown}
 v - 2 scrolls of noise {unknown}
 y - a scroll of torment {unknown}
 F - a scroll of amnesia {unknown}
 H - a scroll of enchant weapon {unknown}
 I - 4 scrolls of teleportation
 J - a scroll of silence {unknown}
Potions
 b - 4 potions of magic
 c - 2 potions of might
 f - 3 potions of haste
 h - 2 potions of berserk rage
 i - 2 potions of curing
 o - a potion of cancellation
 p - 4 potions of mutation
 r - a potion of ambrosia
 t - 3 potions of invisibility
 A - 2 potions of brilliance
 D - a potion of flight


   Skills:
 + Level 5.7 Fighting
 + Level 7.4 Dodging
 - Level 5.5 Stealth
 - Level 6.0 Shields
 + Level 9.8 Spellcasting
 - Level 4.1 Conjurations
 - Level 8.0 Summonings
 * Level 3.8 Fire Magic
 * Level 10.6 Air Magic
 - Level 2.1 Earth Magic
 - Level 5.5 Invocations
 - Level 5.0 Evocations


You had 5 spell levels left.
You knew the following spells:

 Your Spells              Type           Power      Damage    Failure   Level
a - Shock                 Conj/Air       100%       1d9       1%          1
b - Static Discharge      Conj/Air       86%        2-6/arc   1%          2
c - Swiftness             Air            55%        N/A       1%          3
d - Summon Lightning Spi  Summ/Air       51%        N/A       1%          4
e - Airstrike             Air            27%        2d(4-20)  1%          4
f - Iron Shot             Conj/Erth      12%        9d3       95%         6
g - Fireball              Conj/Fire      14%        3d8       32%         5

Your spell library contained the following spells:

 Spells                   Type           Power      Damage    Failure   Level
 Summon Small Mammal      Summ           100%       N/A       1%          1
 Call Canine Familiar     Summ           46%        N/A       1%          3
 Vhi's Electric Charge    Tloc/Air       68%        N/A       1%          3
 Summon Guardian Golem    Hex/Summ       28%        N/A       3%          3
 Hailstorm                Conj/Ice       19%        3d6       8%          3
 Arcjolt                  Conj/Air       21%        1d31      9%          5
 Lesser Beckoning         Tloc           20%        N/A       10%         2
 Gell's Gravitas          Tloc           10%        N/A       19%         3
 Teleport Other           Tloc           10%        N/A       19%         3
 Iskenderun's Battlesphe  Conj           29%        2d8       30%         5
 Ice Form                 Ice/Tmut       10%        N/A       52%         4
 Conjure Ball Lightning   Conj/Air       21%        3x3d6     41%         6
 Plasma Beam              Fire/Air       21%        2x1d36    43%         6
 Spellforged Servitor     Conj/Summ      18%        N/A       99%         7
 Simulacrum               Ice/Necr       5%         N/A       100%        6
 Orb of Destruction       Conj           14%        9d7       100%        7


Dungeon Overview and Level Annotations

Branches:
Dungeon (12/15)            Temple (0/1) D:7            Lair (1/5) D:9
    Orc (0/2) D:9           IceCv (visited)

Altars:
Cheibriados
Dithmenos
Elyvilon
Gozag
Hepliaklqana
Sif Muna
Xom
The Shining One

Shops:
D:5 =   D:10 *

Annotations:
D:9 6 transporters
D:12 exclusion: boulder beetle


Message History

Press: ? - help, Q - select action, (/) - cycle Shift-Dir - straight line, f - centaur warrior, p - manticore
Aim: a centaur warrior, wielding a +2 heavy shortbow (wandering, hasn't noticed you, chance to affect: 67%)
The centaur warrior struggles to resist.
The centaur warrior shoots an arrow.
The arrow hits you!!
Ouch! That really hurt!
Aiming: Mindburst
Press: ? - help, Q - select action, (/) - cycle Shift-Dir - straight line, f/p - centaur warrior
Aim: a centaur warrior, wielding a +2 heavy shortbow (chance to affect: 67%)
The centaur warrior's mind is blasted!!
The centaur warrior shoots an arrow.
The arrow hits you!!
* * * LOW HITPOINT WARNING * * *
Arsinoe hits the manticore with a +0 flail!
The manticore flicks its tail.
The volley of spikes hits you.
The barbed spikes become lodged in your body.
* * * LOW HITPOINT WARNING * * *
You hear a shout!
Blink to where?
Press: ? - help, Dir - move target, p - centaur warrior
As you read the scroll of blinking, it crumbles to dust.
Casting: Airstrike (dangerous; 1% risk of failure)
Confirm with . or Enter, or press ? or * to list all spells.
Aiming: Airstrike (dangerous; 1% risk of failure)
Press: ? - help, Dir - move target, f - manticore
Aim: a manticore (almost dead, ally target, empty space bonus: 7/8)
The air twists around and strikes the manticore!
You kill the manticore!
Unknown command.
The barbs in your skin will harm you if you move.
Continue?
Okay, then.
It was a potion of heal wounds.
You feel much better.
Casting: Airstrike (dangerous; 1% risk of failure)
Confirm with . or Enter, or press ? or * to list all spells.
Aiming: Airstrike (dangerous; 1% risk of failure)
Press: ? - help, Dir - move target, f - centaur warrior
Aim: a centaur warrior, wielding a +2 heavy shortbow (moderately wounded, ally target, empty space bonus: 5/8)
The air twists around and strikes the centaur warrior.
The centaur warrior is heavily wounded.
The centaur warrior shoots an arrow.
The arrow hits you!!
You die...

#.#...............
#..#.###.....###.#
#.#.## #.....###.##
#.#.## ###.####...##
##
#..#.#####..........
..
..###c............##.#
.## ##....c..R......
#.###.######......##
#).#.## #####@##
#.#.## #.# ..#.# #..
###.# #### #.# #.#
###(# ..).# #####


You could see the friendly Arsinoe the knight and a centaur warrior (ally
target).

Vanquished Creatures
  A hydra (D:10)
  Erolcha (D:10)
  6 death yaks (IceCv)
  A manticore (D:12)
  An ice statue (IceCv)
  An unseen horror (D:10)
  A kobold demonologist (D:12)
  A komodo dragon (D:11)
  3 rime drakes (IceCv)
  An efreet (D:11)
  4 polar bears (IceCv)
  A troll (D:9)
  A hornet (D:9)
  A slime creature (D:10)
  A vampire (D:11)
  A shadow (D:10)
  2 wraiths
  2 yaks (IceCv)
  Menkaure (D:4)
  2 vampire mosquitoes (D:12)
  2 water moccasins (D:7)
  An acid dragon (D:9)
  2 sky beasts (D:6)
  An orc warrior (D:8)
  2 ice beasts
  2 ogres
  4 wolves (IceCv)
  A centaur (D:8)
  A kobold brigand (D:5)
  A phantom (D:4)
  4 bullfrogs
  Blork the orc (D:6)
  A scorpion (D:5)
  9 wights
  9 killer bees
  5 spriggan skeletons (D:10)
  7 howler monkeys
  A lava snake (D:9)
  A crimson imp (D:4)
  A hound (D:5)
  7 orc priests
  A jelly (D:5)
  2 iguanas (D:6)
  A sleepcap (D:6)
  9 orc wizards
  4 adders
  3 gnolls (D:8)
  A shadow imp (D:5)
  5 ufetubi
  3 dart slugs
  28 orcs
  6 endoplasms
  6 giant cockroaches
  4 goblins
  2 hobgoblins
  2 jackals (D:4)
  12 kobolds
  3 quokkas
  7 ball pythons
  5 bats
  2 frilled lizards (D:3)
  A goblin skeleton (D:4)
  A goblin zombie (D:4)
  2 hobgoblin zombies (D:4)
  2 kobold skeletons (D:4)
  A kobold zombie (D:4)
  2 orc skeletons (D:4)
  6 rats
217 creatures vanquished.

Vanquished Creatures (collateral kills)
  A frost giant (IceCv)
  A two-headed ogre (D:9)
  A boulder beetle (D:11)
  2 death yaks (IceCv)
  An ugly thing (IceCv)
  2 rime drakes (IceCv)
  Psyche (D:10)
  A vampire (D:10)
  6 yaks (IceCv)
  A black bear (D:6)
  An orc warrior (D:8)
  A sky beast (D:7)
  5 wolves (IceCv)
  A kobold brigand (D:9)
  A wight (D:7)
  2 killer bees
  A troll skeleton (D:10)
  3 howler monkeys
  A jelly (D:8)
  A gnoll bouda (D:8)
  An orc priest (D:8)
  4 orc wizards
  A knight (IceCv)
  An adder (D:6)
  2 orcs
43 creatures vanquished.

Vanquished Creatures (others)
  9 knights
  2 ancestors (D:7)
  A ball python (D:4)
12 creatures vanquished.

Grand Total: 272 creatures vanquished

Notes
Turn   | Place    | Note
-------+----------+-------------------------------------------
     0 | D:1      | LustLizard the Deep Elf Air Elementalist began the quest
                  | for the Orb.
     0 | D:1      | Reached XP level 1. HP: 10/10 MP: 6/6
   267 | D:1      | Reached XP level 2. HP: 15/15 MP: 0/8
   984 | D:2      | Found a faded altar of an unknown god.
   997 | D:2      | Reached XP level 3. HP: 20/20 MP: 2/9
  1000 | D:2      | Learned a level 2 spell: Static Discharge
  1004 | D:2      | Learned a level 3 spell: Swiftness
  1856 | D:3      | Reached skill level 1 in Fighting
  2718 | D:4      | Reached XP level 4. HP: 16/25 MP: 2/11
  2723 | D:4      | Learned a level 4 spell: Summon Lightning Spire
  2871 | D:4      | Found a glowing golden altar of the Shining One.
  3158 | D:4      | Reached skill level 1 in Summonings
  3158 | D:4      | Reached skill level 4 in Air Magic
  3158 | D:4      | Reached XP level 5. HP: 11/29 MP: 1/12
  3303 | D:4      | Noticed a shadow
  3303 | D:4      | Found a shadowy altar of Dithmenos.
  3307 | D:4      | Found a hazy altar of Hepliaklqana.
  3312 | D:4      | Became a worshipper of Hepliaklqana the Forgotten
  3333 | D:4      | Reached skill level 1 in Evocations
  3515 | D:4      | Noticed a phantom
  3621 | D:4      | Found a white marble altar of Elyvilon.
  3681 | D:4      | Noticed Menkaure
  3703 | D:5      | Entered Level 5 of the Dungeon
  3985 | D:5      | Found Xuquleiq's Jewellery Emporium.
  4072 | D:5      | Noticed an ogre
  4084 | D:5      | Killed an ogre
  4085 | D:5      | Reached XP level 6. HP: 34/34 MP: 7/14
  4505 | D:5      | Reached XP level 7. HP: 35/39 MP: 6/15
  4776 | D:6      | Found an opulent altar of Gozag.
  4941 | D:5      | Reached skill level 5 in Air Magic
  5135 | D:6      | Noticed Blork the orc
  5144 | D:6      | Killed Blork the orc
  5264 | D:6      | Learned a level 4 spell: Airstrike
  5272 | D:6      | Reached skill level 5 in Spellcasting
  5272 | D:6      | Reached XP level 8. HP: 45/45 MP: 5/17
  5588 | D:6      | Reached * piety under Hepliaklqana
  6285 | D:7      | Reached skill level 5 in Stealth
  6640 | D:7      | Found a staircase to the Ecumenical Temple.
  6674 | D:7      | Reached skill level 6 in Air Magic
  6852 | D:7      | Reached skill level 5 in Summonings
  6939 | D:7      | Reached skill level 5 in Evocations
  7031 | D:7      | Reached XP level 9. HP: 45/45 MP: 6/19
  7281 | D:7      | Reached skill level 1 in Invocations
  7456 | D:7      | Learned a level 6 spell: Iron Shot
  7876 | D:8      | Reached ** piety under Hepliaklqana
  7877 | D:8      | Remembered your ancestor Arsinoe as a knight
  8009 | D:8      | Reached skill level 1 in Earth Magic
  8323 | D:8      | Reached skill level 1 in Shields
  9138 | D:9      | Reached skill level 7 in Air Magic
  9235 | D:9      | Found a transporter.
  9286 | D:9      | Found a staircase to the Lair.
  9290 | D:9      | Found a transporter.
  9297 | D:9      | Noticed a two-headed ogre
  9798 | D:9      | Found a transporter.
  9800 | D:9      | Found a transporter.
  9801 | D:9      | Found a staircase to the Orcish Mines.
  9829 | D:9      | Noticed a troll
  9834 | D:9      | Killed a troll
  9892 | D:9      | Reached XP level 10. HP: 34/50 MP: 3/22
 10091 | D:9      | Found a transporter.
 10094 | D:9      | Found a transporter.
 10128 | D:9      | Killed a two-headed ogre
 10523 | D:4      | Killed Menkaure
 10603 | D:4      | Found a shimmering blue altar of Sif Muna.
 10979 | Lair:1   | Entered Level 1 of the Lair of Beasts
 10999 | D:10     | Entered Level 10 of the Dungeon
 11674 | D:10     | Reached skill level 8 in Air Magic
 11832 | D:10     | Noticed Erolcha
 11837 | D:10     | Killed Erolcha
 11916 | D:10     | Found Uvopny's General Store.
 11921 | D:10     | Bought a scroll of teleportation for 45 gold pieces
 11921 | D:10     | Bought a potion of haste for 150 gold pieces
 11959 | D:10     | Found a shimmering altar of Xom.
 12129 | D:10     | Found a snail-covered altar of Cheibriados.
 12129 | D:10     | Noticed a six-headed hydra
 12129 | D:10     | Noticed Psyche
 12136 | D:10     | Killed a six-headed hydra
 12137 | D:10     | Reached skill level 5 in Dodging
 12142 | D:10     | Killed Psyche
 12240 | D:10     | Reached *** piety under Hepliaklqana
 12268 | D:10     | Reached XP level 11. HP: 55/55 MP: 15/24
 12627 | D:11     | Found a frozen archway.
 12644 | IceCv    | Entered an ice cave
 12963 | IceCv    | Noticed a death yak
 12968 | IceCv    | Killed a death yak
 12969 | IceCv    | Noticed a death yak
 12973 | IceCv    | Killed a death yak
 12974 | IceCv    | Reached skill level 9 in Air Magic
 13236 | IceCv    | Noticed a death yak
 13238 | IceCv    | Noticed a death yak
 13243 | IceCv    | Noticed a white ugly thing
 13634 | IceCv    | Killed a white ugly thing
 13635 | IceCv    | Reached skill level 5 in Shields
 14137 | IceCv    | Killed a death yak
 14293 | IceCv    | Killed a death yak
 14396 | IceCv    | Reached skill level 5 in Invocations
 14659 | IceCv    | Reached skill level 5 in Fighting
 15152 | IceCv    | Noticed a death yak
 15158 | IceCv    | Noticed a death yak
 15159 | IceCv    | Killed a death yak
 15163 | IceCv    | Noticed a death yak
 15292 | IceCv    | Killed a death yak
 15298 | IceCv    | Killed a death yak
 15299 | IceCv    | Reached skill level 10 in Air Magic
 15299 | IceCv    | Reached XP level 12. HP: 61/61 MP: 4/27
 15446 | IceCv    | Noticed a death yak
 15446 | IceCv    | Noticed a frost giant
 15459 | IceCv    | Learned a level 5 spell: Fireball
 15777 | IceCv    | Killed a death yak
 15778 | IceCv    | Reached skill level 1 in Fire Magic
 16146 | IceCv    | Killed a frost giant
 16457 | D:11     | Noticed a boulder beetle
 16479 | D:11     | Killed a boulder beetle
 16730 | D:11     | Found an opulent altar of Gozag.
 17513 | D:12     | Noticed a boulder beetle
 17739 | D:12     | Noticed a centaur warrior
 17856 | D:12     | Shot with an arrow by a centaur warrior

Illustrated notes

Levels and vault maps discovered:
D:1:      dpeg_arrival_boxes_within_box, layout_basic, minmay_worlds_worst_comb
D:2:      layout_basic, basic_ecumenical_altar
D:3:      layout_loops_ring
D:4:      layout_cave_pools, riverfiend_overflow_shadow_ancestor,
          elyvilon_altar_4, general_overflow_altar,
          nicolae_tso_besieged_by_evil, uniq_menkaure
D:5:      layout_basic, serial_shops, shop
D:6:      layout_gridville, lemuel_crystal_altar, uniq_blork_the_orc
D:7:      layout_loops_ring, minmay_temple_entry_wispy
D:8:      layout_loops_ring
D:9:      layout_cave_pools, dpeg_oklobed_lair, orc_0_dummy, kennysheep_doodads,
          serial_nicolae_subway, nicolae_sub_station_metal,
          nicolae_sub_station_crystal, nicolae_sub_station_stone
D:10:     layout_cave_pools, serial_shops, shop, hangedman_feature_mirror,
          hangedman_tell_no_tales, uniq_erolcha, uniq_psyche
D:11:     layout_loops_ring, portal_ice_cave_entry_pillars_2, minivault_10,
          grunt_gozag_statues
D:12:     layout_loops_ring, serial_shops, shop, grunt_ministairs_2, st_stairs_6
Lair:1:   layout_gridlike, lemuel_centaur_altar, serial_bayou_shore_b,
          uniq_amaemon, uniq_gastronok

Skill      XL: |  1  2  3  4  5  6  7  8  9 10 11 12 |
---------------+-------------------------------------+-----
Stealth        | 3 4 5 |  5.5
Fighting       | 1 2 3 4 5 |  5.7
Conjurations   | 2 3 4 |  4.1
Summonings     | 1 2 3 5 6 8 |  8.0
Air Magic      | 4 5 6 7 8 10 | 10.6
Evocations     | 1 2 3 5 |  5.0
Spellcasting   | 4 5 6 7 9 |  9.8
Invocations    | 2 3 5 |  5.5
Earth Magic    | 2 |  2.1
Shields        | 2 4 6 |  6.0
Dodging        | 3 5 6 7 |  7.4
Fire Magic     | 3 |  3.8

Action                     |  1- 3 |  4- 6 |  7- 9 | 10-12 || total
---------------------------+-------+-------+-------+-------++-------
  Melee: Unarmed           |     3 |       |       |     2 ||     5
         Short sword       |       |    12 |       |    20 ||    32
   Cast: Shock             |   107 |   106 |   206 |   148 ||   567
         Static Discharge  |       |     4 |     3 |     5 ||    12
         Airstrike         |       |       |    53 |   144 ||   197
         Summon Lightning  |       |       |     3 |    20 ||    23
         Swiftness         |       |       |     1 |       ||     1
 Invoke: Recall Ancestor   |       |       |     1 |     3 ||     4
         Ancestor Life: Kn |       |       |     1 |       ||     1
  Evoke: Wand              |       |       |     2 |    10 ||    12
    Use: Scroll            |       |       |       |    14 ||    14
         Potion            |       |       |       |     7 ||     7
 Armour: Robe              |     4 |     8 |     7 |    25 ||    44
         Leather armour    |       |     2 |     4 |       ||     6
         Skin              |       |       |       |     1 ||     1
  Dodge: Dodged            |    18 |    33 |    38 |    53 ||   142

Table legend: (Time is in decaauts)
 A = Elapsed time spent in this place.
 B = Non-inter-level travel time spent in this place.
 C = Inter-level travel time spent in this place.
 D = Time resting spent in this place.
 E = Time spent auto-exploring this place.
 F = Levels seen in this place.
 G = Mean time per level.
                   A        B        C        D        E       F      G
               +--------+--------+--------+--------+--------+-----+--------+
         Total |  17814 |  17098 |    716 |   1696 |  13088 |  14 | 1272.4 |
       Dungeon |  14124 |  13409 |    715 |    390 |  11295 |  12 | 1177.0 |
          Lair |      1 |      1 |      0 |      0 |      0 |   1 |    1.0 |
      Ice Cave |   3688 |   3688 |      0 |   1306 |   1793 |   1 | 3688.0 |
               +--------+--------+--------+--------+--------+-----+--------+

Top non-repeatable levels by time:
   IceCv: 3688 daAuts
     D:8: 1726 daAuts
    D:10: 1544 daAuts
     D:7: 1448 daAuts
     D:6: 1422 daAuts
     D:5: 1216 daAuts
     D:4: 1192 daAuts
    D:11: 1170 daAuts
     D:3: 1135 daAuts
     D:9: 1038 daAuts
     D:1: 933 daAuts
     D:2: 880 daAuts
    D:12: 414 daAuts
  Lair:1: 1 daAuts
